 Dungeon Crawl Stone Soup version 0.23.2-40-g277498a001 (webtiles) character file.

Game seed: 7227787205873736244

443 Raviolo the Sneak (level 6, -1/30 HPs)
             Began as a Spriggan Enchanter on Sept 2, 2019.
             Was a Follower of the Shining One.
             Killed by divine providence
             ... invoked by an orc priest
              (10 damage)
             ... on level 4 of the Dungeon.
             The game lasted 00:42:08 (5193 turns).

Raviolo the Sneak (Spriggan Enchanter)              Turns: 5193, Time: 00:42:08

Health: -1/30      AC:  3    Str:  5    XL:     6   Next: 71%
Magic:  18/22      EV: 20    Int: 18    God:    the Shining One [*.....]
Gold:   251        SH:  0    Dex: 16    Spells: 2/14 levels left

rFire    . . .     SeeInvis +   k - +2 dagger (speed)
rCold    + . .     Gourm    .   (shield restricted)
rNeg     . . .     Faith    .   b - +1 robe
rPois    .         Spirit   .   (helmet restricted)
rElec    .         Reflect  .   (no cloak)
rCorr    .         Harm     .   (gloves unavailable)
MR       +....                  (boots unavailable)
Stlth    ++........             (no amulet)
HPRegen  0.10/turn              p - ring of magical power
MPRegen  0.18/turn              l - ring of Qiudghit {+Fly rC+}

@: glowing, very quick
A: very small, unfitting armour, see invisible, herbivore, speed 3, slow
metabolism 2
a: Renounce Religion, Evoke Flight


You were on level 4 of the Dungeon.
You worshipped the Shining One.
The Shining One was aware of your devotion.
You were not hungry.

You visited 1 branch of the dungeon, and saw 4 of its levels.

You collected 251 gold pieces.

Inventory:

Hand Weapons
 k - a +2 dagger of speed (weapon)
Armour
 b - a +1 robe (worn)
Jewellery
 h - an uncursed ring of flight
 j - a +2 ring of evasion
 l - the ring of Qiudghit (right hand) {+Fly rC+}
   (You found it on level 4 of the Dungeon)

   [ring of flight]

   It protects you from cold.
   It lets you fly.
 p - a ring of magical power (left hand)
 t - an uncursed ring of resist corrosion
Scrolls
 a - a scroll of enchant weapon {unknown}
 c - 3 scrolls of remove curse {unknown}
 e - 2 scrolls of identify
 f - a scroll of blinking {unknown}
 i - a scroll of teleportation {unknown}
 m - 3 scrolls of enchant armour
 n - a scroll of amnesia {unknown}
Potions
 g - a potion of berserk rage {unknown}
 o - 2 potions of curing
 q - a potion of resistance {unknown}
 r - a potion of lignification {unknown}
 s - 2 potions of mutation {unknown}
Comestibles
 d - 4 rations


   Skills:
 - Level 1.0 Fighting
 + Level 2.9 Short Blades
 + Level 4.5 Dodging
 + Level 6.1 Stealth
 + Level 4.6 Spellcasting
 + Level 0.8 Conjurations
 + Level 4.6 Hexes
 - Level 1.0 Ice Magic
 + Level 2.6 Evocations


You had 2 spell levels left.
You knew the following spells:

 Your Spells              Type           Power        Failure   Level  Hunger
a - Corona                Hex            ###....      1%          1    None
b - Ensorcelled Hibernat  Hex/Ice        ##....       6%          2    #......
c - Confuse               Hex            ###.....     6%          3    ###....
d - Tukima's Dance        Hex            ###.....     6%          3    ###....
e - Dazzling Spray        Conj/Hex       ##....       14%         3    ###....

Your spell library contained the following spells:

 Spells                   Type           Power        Failure   Level  Hunger


Dungeon Overview and Level Annotations

Branches:
Dungeon (4/15)
 Temple: D:4-7

Altars:
Hepliaklqana
The Shining One

Annotations:
D:3 Pikel
D:4 Eustachio


Innate Abilities, Weirdness & Mutations

You are very small and have problems with some larger weapons.
You are too small for most types of armour.
You have supernaturally acute eyesight. (SInv)
You are a herbivore.
You cover ground extremely quickly.
You need to consume almost no food.


Message History

Things that are here:
a +0 animal skin; a human corpse An orc priest comes into view.
Found 12 gold pieces.
The orc shouts!
The orc wizard shouts!
You see here 12 gold pieces.
You now have 251 gold pieces (gained 12).
The slave shouts!
The orc priest calls down the wrath of Beogh upon you.
Beogh smites you!
* * * LOW HITPOINT WARNING * * *
The ogre shouts!
The orc wizard casts a spell.
The orc wizard blinks!
The orc priest looks satisfied for a moment.
The orc wizard gestures at you while chanting.
You resist with almost no effort.
The orc priest calls down the wrath of Beogh upon you.
Beogh smites you!
You die...

#.......@.........# #
###'##.#p##########
#.##.#.# ###### #.##.#.#
#....# #)##.#.# #....#
#########.##.#@####....#
#<.pppp...##.#.#.......#
############.#.#.#.O...#
#..op.....#@#p....#####
#o#####........o......##
#.#.....................
#.#.#######...oo........
#[#.....................
#.####.......ยง..........
#.# #..........###.....
#.# #..........# .....
#.# #..........# .....


You could see an orc priest, an orc wizard and an orc.

Vanquished Creatures
  Edmund (D:4)
  A slave (D:4)
  A quasit (D:4)
  An orc wizard (D:3)
  A centaur skeleton (D:4)
  2 orc priests (D:3)
  A worker ant (D:4)
  3 adders (D:2)
  A gnoll (D:2)
  3 oozes
  5 worms
  3 dart slugs
  5 leopard geckos
  17 orcs
  2 giant cockroaches
  15 goblins
  14 hobgoblins
  2 quokkas
  2 ball pythons (D:2)
  5 bats
  3 frilled lizards
  7 kobolds
  7 rats
102 creatures vanquished.

Vanquished Creatures (others)
  A dancing weapon (D:4)
  4 toadstools (D:1)
5 creatures vanquished.

Grand Total: 107 creatures vanquished

Notes
Turn   | Place    | Note
-------+----------+-------------------------------------------
     0 | D:1      | Raviolo the Spriggan Enchanter began the quest for the Orb.
     0 | D:1      | Reached XP level 1. HP: 9/9 MP: 5/5
    59 | D:1      | Reached XP level 2. HP: 6/13 MP: 5/7
    63 | D:1      | Learned a level 2 spell: Ensorcelled Hibernation
   496 | D:1      | Reached skill level 5 in Stealth
   681 | D:1      | Reached XP level 3. HP: 13/16 MP: 8/8
  1626 | D:2      | Reached XP level 4. HP: 21/21 MP: 10/10
  1721 | D:2      | Reached skill level 1 in Evocations
  2670 | D:3      | Reached XP level 5. HP: 23/25 MP: 2/12
  2756 | D:2      | Learned a level 3 spell: Confuse
  2760 | D:2      | Learned a level 3 spell: Tukima's Dance
  2764 | D:2      | Learned a level 3 spell: Dazzling Spray
  2814 | D:3      | Found a hazy altar of Hepliaklqana.
  2816 | D:3      | Reached skill level 1 in Fighting
  2842 | D:3      | Found a faded altar of an unknown god.
  3402 | D:3      | Reached skill level 1 in Ice Magic
  3530 | D:3      | Became a worshipper of the Shining One
  3530 | D:3      | Reached * piety under the Shining One
  3561 | D:3      | Reached XP level 6. HP: 17/30 MP: 13/13
  4211 | D:4      | Noticed a slave
  4212 | D:4      | Noticed Pikel
  4212 | D:4      | Noticed a slave
  4212 | D:4      | Noticed a slave
  4212 | D:4      | Noticed a slave
  4302 | D:4      | Noticed Eustachio
  4539 | D:4      | Noticed Edmund
  4561 | D:4      | Killed Edmund
  4561 | D:4      | Reached skill level 6 in Stealth
  4997 | D:4      | Got a vibrating iron ring
  4999 | D:4      | Identified the ring of Qiudghit {+Fly rC+} (You found it on
                  | level 4 of the Dungeon)
  5126 | D:4      | Killed a slave
  5193 | D:4      | Killed from afar by an orc priest

Skill      XL: |  1  2  3  4  5  6 |
---------------+-------------------+-----
Spellcasting   | 3 4 |  4.6
Stealth        | 5 6 |  6.1
Hexes          | 4 |  4.6
Evocations     | 1 2 |  2.6
Short Blades   | 2 |  2.9
Dodging        | 4 |  4.5
Fighting       | 1 |  1.0
Ice Magic      | 1 |  1.0
Conjurations   | |  0.8

Action                   |  1- 3 |  4- 6 || total
-------------------------+-------+-------++-------
Melee: Dagger            |   136 |   283 ||   419
 Cast: Corona            |     5 |       ||     5
       Ensorcelled Hiber |     4 |    38 ||    42
       Dazzling Spray    |       |    16 ||    16
       Tukima's Dance    |       |     2 ||     2
 Abil: Evoke Flight      |       |     1 ||     1
Evoke: Wand              |       |    12 ||    12
  Use: Scroll            |     3 |     1 ||     4
 Stab: Sleeping          |    14 |    24 ||    38
  Eat: Ration            |       |     3 ||     3
Armor: Robe              |     7 |    14 ||    21
Dodge: Dodged            |    69 |   176 ||   245
